 Dungeon Crawl Stone Soup version 0.21-a0-621-gc60411f (webtiles) character file.

64 Amnesiac the Insei (level 4, 0/29 HPs)
             Began as an Octopode Transmuter on Dec 23, 2017.
             Was an Initiate of Okawaru.
             Slain by an ogre
             ... wielding a +0 giant club
              (22 damage)
             ... on level 4 of the Dungeon.
             The game lasted 00:03:22 (1864 turns).

Amnesiac the Insei (Octopode Transmuter)            Turns: 1864, Time: 00:03:22

Health: 0/29       AC:  1    Str:  9    XL:     4   Next: 12%
Magic:  2/7        EV: 13    Int: 15    God:    Okawaru [......]
Gold:   133        SH:  0    Dex: 13    Spells: 1/7 levels left

rFire    . . .     SeeInvis .   j - +0 dagger (venom)
rCold    . . .     Gourm    .   (no shield)
rNeg     . . .     Faith    .   (helmet restricted)
rPois    .         Spirit   .   (no amulet)
rElec    .         Reflect  .   (no ring)
rCorr    .         Harm     .   (no ring)
MR       .....                  (no ring)
Stlth    ++........             (no ring)
HPRegen  0.09/turn              (no ring)
MPRegen  0.10/turn              (no ring)
                                (no ring)
                                (no ring)

@: very slightly contaminated
A: almost no armour, stealthy swim, amphibious, 8 rings, constrict 8, camouflage
1, gelatinous body 1
a: Renounce Religion


You were on level 4 of the Dungeon.
You worshipped Okawaru.
Okawaru was noncommittal.
You were not hungry.

You visited 1 branch of the dungeon, and saw 4 of its levels.

You collected 133 gold pieces.

Inventory:

Hand Weapons
 j - a +0 dagger of venom (weapon)
Missiles
 a - 35 arrows
Scrolls
 e - a scroll of immolation {!r}
Potions
 h - a potion of mutation {!q}
Books
 b - a book of Changes

   Spells                             Type                      Level
   a - Beastly Appendage              Transmutation                1
   b - Sticks to Snakes               Transmutation                2
   c - Spider Form                    Transmutation/Poison         3
   d - Ice Form                       Ice/Transmutation            4
   e - Blade Hands                    Transmutation                5
Comestibles
 c - 8 rations
 d - a chunk of flesh


   Skills:
 + Level 2.2 Fighting
 + Level 2.1 Dodging
 * Level 3.2 Unarmed Combat
 + Level 2.1 Spellcasting
 * Level 3.1 Transmutations


You had one spell level left.
You knew the following spells:

 Your Spells              Type           Power        Failure   Level  Hunger
a - Beastly Appendage     Tmut           ##....       6%          1    #......
b - Sticks to Snakes      Tmut           ##......     9%          2    ###....
e - Spider Form           Tmut/Pois      #.........   34%         3    ###....


Dungeon Overview and Level Annotations

Branches:
Dungeon (4/15)
 Temple: D:4-7

Altars:
Okawaru

Annotations:
D:3 Grinder


Innate Abilities, Weirdness & Mutations

You cannot wear most types of armour.
You are very stealthy in the water. (Stealth+)
You are amphibious.
You can wear up to eight rings at the same time.
You can use your tentacles to constrict eight enemies at once.
Your skin changes colour to match your surroundings (Stealth+).
Your rubbery body absorbs attacks. (AC +1, EV +1)


Message History

There is an open door here.
You see here a tomahawk.
Okay, then.
A ball python comes into view.
Really quaff
n - a potion of agility {!q}?
You feel agile all of a sudden. The ogre misses you.
Cast which spell? (? or * to list)
You miscast Spider Form.
You are very lightly contaminated with residual magic.
Nothing appears to happen.
The ball python hisses angrily.
Unknown command.
Casting: Spider Form
Confirm with . or Enter, or press ? or * to list all spells.
You miscast Spider Form.
The dust glows pulsating pink!
The ogre misses you.
Unknown command.
A scorpion comes into view.
Found a stone staircase leading up.
Found a scroll of identify and a ration.
You see here a scroll of identify {!r}.
Found a smoky white potion.
An adder zombie comes into view.
Found 8 gold pieces.
The frilled lizard hisses.
The frilled lizard hisses.
The frilled lizard hisses.
A hound comes into view.
Casting: Spider Form
Confirm with . or Enter, or press ? or * to list all spells.
You turn into a venomous arachnid creature.
Your +0 dagger of venom stops dripping with poison.
The frilled lizard unfolds its giant frill.
The ogre completely misses you.
Unknown command.
You open the door.
Your transformation is almost over.
The ogre misses you.
There is an open door here.
Okay, then.
Okay, then.
Really quaff
g - a dark potion {!q}?
It was a potion of curing {!q}.
You feel better. The ball python completely misses you.
The ball python closely misses you.
You hit the ball python.
The ball python is poisoned.
The ball python is severely wounded.
The ball python completely misses you. x3; The ball python barely misses you.
You hit the ball python.
You kill the ball python!
Okawaru accepts your kill.
You hit the ogre.
The ogre is poisoned.
The ogre is moderately wounded.
The ogre completely misses you.
You completely miss the ogre.
The ogre is moderately wounded.
The ogre misses you.
You hit the ogre.
The ogre looks as sick as possible!
The ogre is heavily wounded.
Your transformation has ended.
Your +0 dagger of venom begins to drip with poison!
You feel a little less agile now. The ogre hits you with a giant club!!
Ouch! That really hurt!
You die...

.... ... #.## #.#.
###### ##... #....#
##...P
########l...#####..!PP
#....@OoZ.............
########.h..#####.....
#....# #..... #....#
#..... #....# ######
#....# #....# #.h..#


You could see an ogre, a hound (wandering), an orc, an adder zombie and a
frilled lizard.

Vanquished Creatures
  An adder (D:2)
  An ooze (D:1)
  A dart slug (D:1)
  4 leopard geckos
  4 giant cockroaches
  2 hobgoblins (D:1)
  3 jackals (D:2)
  2 kobolds (D:2)
  3 ball pythons
  9 bats
  2 frilled lizards
  7 goblins
  A quokka skeleton (D:2)
  4 rats
44 creatures vanquished.

Notes
Turn   | Place    | Note
-------+----------+-------------------------------------------
     0 | D:1      | Amnesiac the Octopode Transmuter began the quest for the Orb.
     0 | D:1      | Reached XP level 1. HP: 13/13 MP: 3/3
   101 | D:1      | Reached XP level 2. HP: 8/18 MP: 5/5
   234 | D:1      | Learned a level 2 spell: Sticks to Snakes
   582 | D:1      | Reached XP level 3. HP: 24/24 MP: 6/6
   587 | D:1      | Learned a level 3 spell: Spider Form
   839 | D:2      | Found an iron altar of Okawaru.
   847 | D:2      | Became a worshipper of Warmaster Okawaru
  1346 | D:2      | Reached XP level 4. HP: 24/29 MP: 7/7
  1792 | D:3      | Noticed Grinder
  1797 | D:3      | Paralysed by Grinder for 3 turns
  1806 | D:4      | Noticed an ogre
  1864 | D:4      | Slain by an ogre

Vault maps used:
D:1:      scummos_arrival_simple_crosswalls,
          hangedman_abyss_or_decor_lesser_grid, fountainhead
D:2:      overflow_temple_1_default
D:3:      uniq_grinder, uniq_robin
D:4:      first_ration, serial_shops, kennysheep_mini_moat, serial_bayou_pond_e,
          serial_park_tiny_2, fedhas_altar_1

Skill      XL: |  1  2  3 |
---------------+----------+-----
Fighting       | 2 |  2.2
Transmutations | 3 |  3.1
Dodging        | |  2.1
Unarmed Combat | |  3.2
Spellcasting   | |  2.1

Action                   |  1- 3 |  4- 6 || total
-------------------------+-------+-------++-------
Melee: Unarmed           |    77 |     5 ||    82
       Constrict         |    30 |     4 ||    34
       Tentacles         |    19 |     1 ||    20
       Punch             |     2 |       ||     2
       Dagger            |     9 |    12 ||    21
 Cast: Spider Form       |       |     1 ||     1
  Use: Scroll            |     1 |     5 ||     6
       Potion            |       |     2 ||     2
 Stab: Sleeping          |    10 |     1 ||    11
  Eat: Chunk             |     1 |     2 ||     3
Armor: Skin              |    11 |       ||    11
Dodge: Dodged            |    58 |    19 ||    77

Table legend:
 A = Spawn XP
 B = Non-spawn XP
 C = Spawn XP percentage of total XP
 D = Spawn monster count
 E = Non-spawn monster count
 F = Spawn count percentage of total count
 G = Total turns spent on level
                    A         B        C        D         E        F      G
               +---------+---------+-------+---------+---------+-------+---------
         Total |       0 |      92 |   0.0 |       0 |      44 |   0.0 |  1864
               +---------+---------+-------+---------+---------+-------+---------
           D:1 |       0 |      38 |   0.0 |       0 |      19 |   0.0 |   830
           D:2 |       0 |      51 |   0.0 |       0 |      22 |   0.0 |   943
           D:3 |       0 |       2 |   0.0 |       0 |       2 |   0.0 |    33
           D:4 |       0 |       1 |   0.0 |       0 |       1 |   0.0 |    58
               +---------+---------+-------+---------+---------+-------+---------
